 Dungeon Crawl Stone Soup version 0.32-a0-841-g4648e6c457 (webtiles) character file.

Game seed: 4323614153327884133

11 tilp the Vexing (level 2, -2/20 HPs)
             Began as a Vampire Enchanter on Mar 26, 2024.
             Frozen to death by an endoplasm (3 damage)
             ... on level 1 of the Dungeon.
             The game lasted 00:00:47 (287 turns).

tilp the Vexing (Vampire Enchanter)                  Turns: 287, Time: 00:00:48

Health: -2/20      AC:  2    Str:  7    XL:     2   Next: 13%
Magic:  5/5        EV: 11    Int: 17    God:
Gold:   0          SH:  0    Dex: 14    Spells: 3/5 levels left

rFire   . . .        a - +1 dagger
rCold   . . .        (no shield)
rNeg    . . .        b - +0 robe
rPois   .            (no helmet)
rElec   .            (no cloak)
rCorr   .            (no gloves)
SInv    +            (no boots)
Will    .....        (no amulet)
Stlth   +++          (no ring)
HPRegen 0.43/turn    (no ring)
MPRegen 0.09/turn

%: no passive effects
@: healing quickly, invisible
A: alive, fangs 3, see invisible, vampiric 1
a: Exsanguinate


You were on level 1 of the Dungeon.
You visited 1 branch of the dungeon, and saw 1 of its levels.

Inventory:

Hand Weapons
 a - a +1 dagger (weapon)
Armour
 b - a +0 robe (worn)
Scrolls
 d - a scroll of revelation {unknown}
 e - a scroll of silence {unknown}
Potions
 c - a potion of invisibility


   Skills:
 * Level 0.4 Fighting
 + Level 1.2(1.3) Short Blades
 * Level 0.5(1.0) Long Blades
 + Level 2.3 Dodging
 + Level 4.5 Stealth
 + Level 2.1 Spellcasting
 * Level 4.6 Hexes


You had 3 spell levels left.
You knew the following spells:

 Your Spells              Type           Power      Damage    Failure   Level
a - Ensorcelled Hibernat  Hex/Ice        18%        N/A       11%         2

Your spell library contained the following spells:

 Spells                   Type           Power      Damage    Failure   Level
 Confusing Touch          Hex            17%        N/A       9%          3
 Tukima's Dance           Hex            17%        N/A       9%          3
 Dazzling Flash           Conj/Hex       18%        N/A       22%         3


Dungeon Overview and Level Annotations

Branches:
Dungeon (1/15)

Altars:


Innate Abilities, Weirdness & Mutations

Your natural rate of healing is accelerated.
You have razor-sharp teeth.
You have supernaturally acute eyesight. (SInv)
You are afflicted with vampirism.


Message History

A rat comes into view.
A bat comes into view.
The rat squeaks loudly.
The ball python hisses angrily.
You hear an angry hiss.
You hear a shout!
A frilled lizard comes into view.
Found the Cyclopedia of Fate.
The endoplasm quivers.
The rat closely misses you. The bat hits you.
You miss the bat. The bat hits you but does no damage.
The ball python bites you. The ball python barely misses you.
A ball python comes into view.
A hobgoblin comes into view.
The rat bites you. The ball python misses you. The ball python grabs you.
The ball python constricts you.
You escape the ball python's grasp.
The rat bites you but does no damage.
The endoplasm attacks as it pursues you!
The endoplasm barely misses you.
You hit the endoplasm but do no damage. The endoplasm freezes you.
You are frozen.
You hit the endoplasm but do no damage. The bat closely misses you.
The bat barely misses you. The endoplasm hits you.
You miss the bat. The bat barely misses you. The endoplasm freezes you.
You are frozen.
You completely miss the endoplasm. You bite the endoplasm.
The endoplasm is almost dead.
The endoplasm freezes you.
You are frozen.
* * * LOW HITPOINT WARNING * * *
You barely miss the endoplasm.
The endoplasm is almost dead.
The endoplasm hits you.
* * * LOW HITPOINT WARNING * * *
The ball python bites you.
* * * LOW HITPOINT WARNING * * *
The ball python barely misses you.
You fade into invisibility!
The endoplasm freezes you.
You are frozen.
You die...

#<.#..[.##
##.......## ...S.
###..##..# ......
##.###.# ...... .
##..... ##.#..# ..
#...#.# :...... #.#
. #.#####
.......#####.#.. #.
#.. #..grJ@.#.#.#
#. ##..
#.##.##S..#.# #
#.#. #......#..#.#
###...
###.........##
##.#..#
####.......#
##....##
###.....###.#.###.
#.....#...#..#..
###.....##..#.##..
.........#...).##..


You could see an endoplasm, a hobgoblin (unable to see you), a ball python
(unable to see you) and a rat (unable to see you).

Vanquished Creatures
  A bat (D:1)
  A giant cockroach (D:1)
  A goblin (D:1)
  A hobgoblin (D:1)
  2 jackals (D:1)
  2 ball pythons (D:1)
  A rat (D:1)
9 creatures vanquished.

Notes
Turn   | Place    | Note
-------+----------+-------------------------------------------
     0 | D:1      | tilp the Vampire Enchanter began the quest for the Orb.
     0 | D:1      | Reached XP level 1. HP: 13/13 MP: 3/3
   109 | D:1      | Reached XP level 2. HP: 11/20 MP: 5/5
   115 | D:1      | HP: 1/20 [constriction (2)]
   272 | D:1      | Learned a level 2 spell: Ensorcelled Hibernation
   286 | D:1      | HP: 1/20 [ball python (2)]
   287 | D:1      | Frozen to death by an endoplasm

Illustrated notes

Levels and vault maps discovered:
D:1:      lemuel_arrival_tunnels, layout_rooms,
          hangedman_abyss_or_decor_lesser_grid, minmay_pentomino_u2

Action                     || total
---------------------------++-------
  Melee: Dagger            ||    38
         Bite              ||     3
    Use: Potion            ||     1
 Armour: Robe              ||    30
  Dodge: Dodged            ||    23

Table legend: (Time is in decaauts)
 A = Elapsed time spent in this place.
 B = Non-inter-level travel time spent in this place.
 C = Inter-level travel time spent in this place.
 D = Time resting spent in this place.
 E = Time spent auto-exploring this place.
 F = Levels seen in this place.
 G = Mean time per level.
                   A        B        C        D        E       F      G
               +--------+--------+--------+--------+--------+-----+--------+
         Total |    284 |    284 |      0 |    143 |     71 |   1 |  284.0 |
       Dungeon |    284 |    284 |      0 |    143 |     71 |   1 |  284.0 |
               +--------+--------+--------+--------+--------+-----+--------+

Top non-repeatable levels by time:
     D:1: 284 daAuts
